 Dungeon Crawl Stone Soup version 0.31-a0-965-g8a8ce12e04 (webtiles) character file.

Game seed: 12102016533615510380

32 Azuregosa the Sneak (level 3, -6/27 HPs)
             Began as an Octopode Delver on Oct 26, 2023.
             Mangled by a wraith (8 damage)
             ... in an ossuary.
             The game lasted 00:01:53 (227 turns).

Azuregosa the Sneak (Octopode Delver)                Turns: 227, Time: 00:01:53

Health: -6/27      AC:  1    Str: 11    XL:     3   Next: 25%
Magic:  3/3        EV: 13    Int: 12    God:
Gold:   0          SH:  0    Dex: 15    Spells: 2/2 levels left

rFire   . . .        a - +0 hand axe
rCold   . . .        (no shield)
rNeg    . . .        (helmet restricted)
rPois   .            (no amulet)
rElec   .            (no ring)
rCorr   .            (no ring)
SInv    .            (no ring)
Will    .....        (no ring)
Stlth   ++++         (no ring)
HPRegen 0.24/turn    (no ring)
MPRegen 0.08/turn    (no ring)
                     (no ring)

%: no passive effects
@: slowed, very slow
A: almost no armour, amphibious, 8 rings, camouflage 1, gelatinous body 1,
(nimble swimmer 1), tentacles
a: no special abilities


You were in an ossuary.
You visited 1 branch of the dungeon, and saw 1 of its levels.
You also visited: Ossuary.

Inventory:

Hand Weapons
 a - a +0 hand axe (weapon)
Wands
 f - a wand of digging (3)
Scrolls
 b - a scroll of fog
 d - a scroll of fear
 h - a scroll of identify {unknown}
Potions
 c - 2 potions of might {unknown}
 e - a potion of haste
 g - a potion of magic {unknown}


   Skills:
 + Level 3.6 Fighting
 + Level 2.9 Axes
 - Level 2.0 Dodging
 - Level 6.6 Stealth


You had 2 spell levels left.
You didn't know any spells.
Your spell library was empty.

Dungeon Overview and Level Annotations

Branches:
Dungeon (5/15)            Ossuary (1/1)
 Temple: D:4-7

Altars:


Innate Abilities, Weirdness & Mutations

You cannot wear most types of armour.
You are amphibious.
You can wear up to eight rings at the same time.
Your skin changes colour to match your surroundings (Stealth+).
Your rubbery body absorbs attacks. (AC +1, EV +1)
((You are camouflaged when in or above water. (Stealth+)))
You have tentacles for arms and can constrict up to eight enemies at once.


Message History

The helpless wraith fails to defend itself.
You hit the wraith.
The wraith is lightly damaged.
The wraith closely misses you.
You hit the wraith but do no damage.
The wraith is lightly damaged.
The wraith hits you! The wraith drains your vigour!
You feel yourself slow down.
You hit the wraith but do no damage.
You tentacle-slap the wraith, but do no damage.
The wraith is lightly damaged.
The wraith barely misses you. The wraith hits you.
You closely miss the wraith.
The wraith is lightly damaged.
The wraith misses you. The wraith barely misses you.
You barely miss the wraith.
The wraith is lightly damaged.
The wraith hits you. The wraith drains your vigour!
You feel as though you will be slow longer.
You hit the wraith but do no damage.
The wraith is lightly damaged.
The wraith hits you! The wraith drains your vigour!
You feel as though you will be slow longer.
The wraith hits you.
* * * LOW HITPOINT WARNING * * *
The wraith drains your vigour!
You feel as though you will be slow longer.
You closely miss the wraith.
You squeeze the wraith, but do no damage.
The wraith is lightly damaged.
The wraith hits you.
* * * LOW HITPOINT WARNING * * *
The wraith completely misses you.
You barely miss the wraith.
The wraith is lightly damaged.
The wraith barely misses you.
You barely miss the wraith.
The wraith is lightly damaged.
The wraith hits you!
You die...

#....................
#..###..###..###..###
#..#.#..#.#..#.#..#.#
#..#'#..#'#..#'#..#'#
#..#.#..#.#..#.#..#.#.
#.....................
#.....................
#..####......###......
#..#W@...8...# #...8..
#..####......# #......
#............#.#......
#.....................
#..####.####.....####.
#..#.'..# ...8...+ .
#..####.####.....##
#..................
#............#.#....


You could see a wraith.

Vanquished Creatures
  2 mummies (Ossuary)
  A gnoll zombie (Ossuary)
  5 goblin zombies (Ossuary)
  2 hobgoblin zombies (Ossuary)
  A kobold zombie (Ossuary)
11 creatures vanquished.

Notes
Turn   | Place    | Note
-------+----------+-------------------------------------------
     0 | D:5      | Azuregosa the Octopode Delver began the quest for the Orb.
     0 | D:5      | Reached XP level 1. HP: 16/16 MP: 1/1
    13 | D:5      | Found a sand-covered staircase.
    18 | Ossuary  | Entered an ossuary
    18 | Ossuary  | Noticed a wraith
    18 | Ossuary  | Noticed a wraith
    18 | Ossuary  | Noticed a wraith
    91 | Ossuary  | Reached XP level 2. HP: 10/21 MP: 2/2
   200 | Ossuary  | Reached XP level 3. HP: 27/27 MP: 3/3
   217 | Ossuary  | Noticed a wraith
   225 | Ossuary  | HP: 1/27 [wraith (6)]
   227 | Ossuary  | Mangled by a wraith

Illustrated notes

Levels and vault maps discovered:
D:5:      nicolae_cairo_tiling_very_big, layout_basic, enter_ossuary_5,
          nicolae_zig_zag_zippers, uniq_pikel
Ossuary:  ossuary_kennysheep_city_of_the_dead

Action                     || total
---------------------------++-------
  Melee: Hand axe          ||    38
         Constrict         ||    10
         Tentacles         ||     7
         Punch             ||     3
    Use: Scroll            ||     1
   Stab: Sleeping          ||     5
 Armour: Skin              ||    15
  Dodge: Dodged            ||    17

Table legend: (Time is in decaauts)
 A = Elapsed time spent in this place.
 B = Non-inter-level travel time spent in this place.
 C = Inter-level travel time spent in this place.
 D = Time resting spent in this place.
 E = Time spent auto-exploring this place.
 F = Levels seen in this place.
 G = Mean time per level.
                   A        B        C        D        E       F      G
               +--------+--------+--------+--------+--------+-----+--------+
         Total |    236 |    236 |      0 |     51 |      9 |   2 |  118.0 |
       Dungeon |     18 |     18 |      0 |      0 |      0 |   1 |   18.0 |
       Ossuary |    218 |    218 |      0 |     51 |      9 |   1 |  218.0 |
               +--------+--------+--------+--------+--------+-----+--------+

Top non-repeatable levels by time:
 Ossuary: 218 daAuts
     D:5: 18 daAuts
